Map: Dusk Towers

Players

xKawaiian - Winner!

  • Race: Terran Terran
  • League: Master

Bcfirst

  • Race: Terran Terran
  • League: Master

VOD

Have the link to the VOD?

Description

Time

  • Played on: Jan. 8, 2016, 9:24 p.m.
  • Length: 4:09
Show
View Real Time Build Order
Export as new Build Order

xKawaiian Terran - Winner!

Build Orders:  

Get SALT Encoding   

  12  0:00  SCV  
  13  0:13  SCV  
  14  0:17  Supply Depot  
  14  0:25  SCV  
  15  0:39  SCV  
  15  0:40  Barracks  
  16  0:47  Refinery  
  16  0:51  SCV  
  16  0:53  Refinery  
  17  1:03  SCV  
  18  1:15  SCV  
  19  1:28  Marine  
  19  1:30  Bunker  
  20  1:36  Factory  
  20  1:40  Supply Depot  
  20  1:45  Marine  
  21  1:54  Orbital Command  
  21  2:13  Marine  
  22  2:20  Hellion  
  24  2:26  Supply Depot  
  24  2:27  SCV  
  25  2:32  Marine  
  24  2:42  Hellion  
  21  2:52  Marine  
  21  2:57  SCV  
  23  3:03  Hellion  
  23  3:05  Starport  
  25  3:09  SCV  
  25  3:10  Marine  
  27  3:21  SCV  
  27  3:25  Supply Depot  
  28  3:28  Marine  
  28  3:32  Hellion  
  28  3:33  SCV  
  32  3:42  Starport Tech Lab  
  32  3:45  SCV, Marine  
  36  3:57  SCV  
Show
View Real Time Build Order
Export as new Build Order

Bcfirst Terran 

Build Orders:  

Get SALT Encoding   

  12  0:12  Supply Depot  
  12  0:27  Refinery  
  12  0:35  Barracks  
  12  0:53  Barracks  
  12  1:23  Reaper  
  13  1:27  Barracks  
  13  1:34  Refinery  
  13  1:40  Reaper  
  14  1:55  Reaper  
  14  2:12  Reaper  
  15  2:17  Reaper  
  16  2:33  Reaper  
  15  3:11  Barracks Tech Lab  
  13  3:13  Reaper  
  14  3:32  Marauder  
  16  3:48  Barracks Tech Lab  
Tags
 
Add a new tag
Caveats
  • Supply blocks, unpowered buildings, or Contaminate may cause inaccurate times.
  • Supply counts are checked every 10 seconds.